 Dungeon Sprint DCSS version 0.31-a0-620-gd1cbd99268 (webtiles) character file.

Game seed: 17240369283751521703

5 zazu2006 the Trooper (level 1, -1/20 HPs)
             Began as a Ghoul Berserker on Aug 23, 2023.
             Was a Believer of Trog.
             Slain by a scorpion (7 damage)
             ... in the Dungeon (Sprint IX: "|||||||||||||||||||||||||||||").
             The game lasted 00:00:11 (25 turns).

zazu2006 the Trooper (Ghoul Berserker)                Turns: 25, Time: 00:00:12

Health: -1/20      AC:  2    Str: 19    XL:     1   Next: 80%
Magic:  0/0        EV: 12    Int:  3    God:    Trog [**....]
Gold:   0          SH:  0    Dex:  8    Spells: 0/0 levels left

rFire   . . .        a - +0 falchion
rCold   + . .        (no shield)
rNeg    + + +        b - +0 animal skin
rPois   ∞            (no helmet)
rElec   .            (no cloak)
rCorr   .            (no gloves)
SInv    .            (no boots)
Will    .....        (no amulet)
Stlth   +            (no ring)
HPRegen 0.00/turn    (no ring)
MPRegen 0.07/turn

%: no teleportation
@: inhibited regen
A: claws 1, cold resistance 1, negative energy resistance 3, inhibited
regeneration, torment resistance 2, devour on kill
a: Renounce Religion, Trog's Hand


You were in the Dungeon.
You worshipped Trog.
Trog was pleased with you.
You visited 1 branch

Inventory:

Hand Weapons
 a - a +0 falchion (weapon)
Armour
 b - a +0 animal skin (worn)
Scrolls
 g - a scroll of blinking
Potions
 c - a potion of curing
 d - a potion of heal wounds
 e - a potion of haste
 f - 2 potions of magic


   Skills:
 + Level 4.0 Fighting
 + Level 3.4 Long Blades
 + Level 2.0 Armour
 + Level 2.0 Dodging


You couldn't memorise any spells.
You didn't know any spells.
Your spell library was empty.

Dungeon Overview and Level Annotations

Branches:
Dungeon (1/1)

Altars:


Innate Abilities, Weirdness & Mutations

You are immune to poison.
You have sharp fingernails.
Your flesh is cold resistant. (rC+)
You are immune to negative energy. (rN+++)
You do not regenerate when monsters are visible.
You are immune to unholy pain and torment.
You thrive by killing the living.


Message History

You hit the endoplasm.
You kill the endoplasm!
Trog accepts your kill.
You feel better.
Your Fighting skill increases to level 4!
Your Armour skill increases to level 2!
You hit the ball python.
You kill the ball python!
Trog accepts your kill.
There is an open door to the Dungeon here.
Things that are here:
a +0 whip; a ball python corpse; a ball python corpse You open the door.
A scorpion, an orc, a shadow imp, an adder and a black bear come into view.
The orc shouts!
The shadow imp shouts!
The adder hisses angrily.
Okay, then.
You aren't carrying any items that you can evoke.
You hit the scorpion.
The scorpion is moderately wounded.
The scorpion stings you. x2
You hit the scorpion.
The scorpion is moderately wounded.
The scorpion misses you.
You closely miss the scorpion.
The scorpion is moderately wounded.
The scorpion completely misses you.
You completely miss the scorpion.
The scorpion is moderately wounded.
The scorpion barely misses you. x2
You closely miss the scorpion. Your claw misses the scorpion.
The scorpion is moderately wounded.
The scorpion closely misses you.
You barely miss the scorpion.
The scorpion is moderately wounded.
The scorpion stings you.
* * * LOW HITPOINT WARNING * * *
You closely miss the scorpion.
The scorpion is moderately wounded.
The scorpion stings you!
You die... ▓▓▓▓▓▓▓▓▓▓▓▓▓▓▓▓▓▓ ▓<...)....@so5Sh.+ ▓▓▓▓▓▓▓▓▓▓▓▓▓▓▓▓▓▓

You could see a black bear, a scorpion, an adder, a shadow imp and an orc.

Vanquished Creatures
  An endoplasm (D)
  A kobold (D)
  3 ball pythons (D)
5 creatures vanquished.

Notes
Turn   | Place    | Note
-------+----------+-------------------------------------------
     0 | D        | zazu2006 the Ghoul Berserker began the quest for the Orb.
     0 | D        | Reached XP level 1. HP: 19/19 MP: 0/0
     8 | D        | Reached ** piety under Trog
    11 | D        | Reached skill level 4 in Fighting
    18 | D        | Noticed a scorpion
    18 | D        | Noticed a black bear
    25 | D        | Slain by a scorpion

Illustrated notes

Levels and vault maps discovered:
D:        linesprint [early_d, line_temple, items_1, d_10, items_2, lair_1,
          lair_end, items_3, orc_1, orc_end, items_4, d_15, swamp_1, shoals_1,
          snake_1, spider_1, d_20, vaults_1, items_5, swamp_end, shoals_end,
          snake_end, spider_end, vaults_end, d_27, items_6, zot_1, zot_end,
          crypt_end, forest_end, elf_end, slime_end, tomb_end, abyss_end,
          pan_hell_end]

Skill      XL: |  1 |
---------------+----+-----
Long Blades    | 3 |  3.4
Dodging        | 2 |  2.0
Fighting       | 4 |  4.0
Armour         | 2 |  2.0

Action                     || total
---------------------------++-------
  Melee: Falchion          ||    15
  Dodge: Dodged            ||     8

Table legend: (Time is in decaauts)
 A = Elapsed time spent in this place.
 B = Non-inter-level travel time spent in this place.
 C = Inter-level travel time spent in this place.
 D = Time resting spent in this place.
 E = Time spent auto-exploring this place.
 F = Levels seen in this place.
 G = Mean time per level.
                   A        B        C        D        E       F      G
               +--------+--------+--------+--------+--------+-----+--------+
         Total |     26 |     26 |      0 |      0 |      3 |   1 |   26.0 |
       Dungeon |     26 |     26 |      0 |      0 |      3 |   1 |   26.0 |
               +--------+--------+--------+--------+--------+-----+--------+

Top non-repeatable levels by time:
       D: 26 daAuts
